 Dungeon Crawl Stone Soup version 0.24.0-29-g8ce449bc06 (webtiles) character file.

Game seed: 14809335458198422608, levelgen mode: deterministic

5413 Delamore the Basher (level 10, -3/56 HPs)
             Began as a Gargoyle Fighter on Nov 16, 2019.
             Was the Champion of Cheibriados.
             Slain by an orc warrior
             ... wielding a +0 dire flail
              (4 damage)
             ... on level 9 of the Dungeon.
             The game lasted 00:28:44 (7549 turns).

Delamore the Basher (Gargoyle Fighter)              Turns: 7549, Time: 00:28:44

Health: -3/56      AC: 18    Str: 36    XL:     10   Next: 67%
Magic:  9/12       EV:  8    Int: 26    God:    Cheibriados [******]
Gold:   264        SH: 13    Dex: 20    Spells: 7/9 levels left

rFire    + . .     SeeInvis .   F - +10 mace of the Extremes {distort, rElec rPois Dex-4}
rCold    . . .     Gourm    .   c - +0 shield
rNeg     + . .     Faith    .   L - +2 scale mail {MR+}
rPois    ∞         Spirit   .   (no helmet)
rElec    +         Reflect  .   (no cloak)
rCorr    .         Harm     .   w - +0 pair of gloves
MR       +....                  (no boots)
Stlth    +.........             (no amulet)
HPRegen  0.18/turn              u - ring of protection from fire
MPRegen  0.13/turn              b - ring of stealth

@: very slow
A: negative energy resistance 1, electricity resistance, unbreathing,
petrification resistance, rot immunity, AC +7
a: Bend Time, Temporal Distortion, Slouch, Step From Time, Renounce Religion


You were on level 9 of the Dungeon.
You worshipped Cheibriados.
Cheibriados was exalted by your worship.
You were not hungry.

You visited 1 branch of the dungeon, and saw 9 of its levels.
You also visited: Sewer.

You collected 480 gold pieces.
You spent 216 gold pieces at shops.

Inventory:

Hand Weapons
 F - the +10 mace of the Extremes (weapon) {distort, rElec rPois Dex-4}
   (You bought it in a shop on level 5 of the Dungeon)

   It warps and distorts space around it.
   Unwielding it can cause banishment or high damage.
   It affects your dexterity (-4).
   It insulates you from electricity.
   It protects you from poison.
Missiles
 n - 48 poisoned darts
 y - 2 throwing nets
 J - 6 atropa-tipped darts (quivered)
Armour
 c - a +0 shield (worn)
 w - a +0 pair of gloves (worn)
 D - a +1 robe of the Archmagi
 L - a +2 scale mail of magic resistance (worn)
 M - a +0 pair of boots
 N - a +0 large shield
 P - a +0 plate armour
Magical Staves
 a - an uncursed staff of energy {unknown}
 K - an uncursed staff of fire {unknown}
 O - an uncursed staff of death {unknown}
Jewellery
 b - a ring of stealth (right hand)
 u - a ring of protection from fire (left hand)
Wands
 s - a wand of enslavement (9)
 v - a wand of acid (7)
 C - a wand of flame (13)
 H - a wand of paralysis (5)
Scrolls
 e - 2 scrolls of identify
 g - 7 scrolls of remove curse
 h - 3 scrolls of magic mapping {unknown}
 i - 2 scrolls of random uselessness {unknown}
 j - 4 scrolls of enchant weapon {unknown}
 k - 2 scrolls of blinking {unknown}
 l - 2 scrolls of fog {unknown}
 o - 2 scrolls of amnesia {unknown}
 p - 3 scrolls of enchant armour {unknown}
 r - 2 scrolls of teleportation
 A - 3 scrolls of fear {unknown}
 G - a scroll of holy word {unknown}
 I - a scroll of noise {unknown}
Potions
 d - 2 potions of might
 q - a potion of flight {unknown}
 t - a potion of lignification {unknown}
 x - 2 potions of brilliance {unknown}
 z - 3 potions of magic {unknown}
 B - 2 potions of curing {unknown}
 E - a potion of mutation {unknown}
 Q - a potion of resistance {unknown}
Comestibles
 f - 16 rations


   Skills:
 - Level 3.2 Fighting
 + Level 12.7 Maces & Flails
 - Level 8.2 Armour
 * Level 5.8 Shields
 - Level 3.0 Invocations


You had 7 spell levels left.
You knew the following spells:

 Your Spells              Type           Power        Failure   Level  Hunger
a - Blink                 Tloc           N/A          71%         2    ###....

Your spell library contained the following spells:

 Spells                   Type           Power        Failure   Level  Hunger
 Animate Skeleton         Necr           N/A          56%         1    ##.....
 Apportation              Tloc           #.....       56%         1    ##.....
 Confusing Touch          Hex            #.....       56%         1    ##.....
 Magic Dart               Conj           #...         56%         1    ##.....
 Summon Small Mammal      Summ           #...         56%         1    ##.....
 Call Imp                 Summ           #.......     71%         2    ###....
 Slow                     Hex            #.......     71%         2    ###....
 Conjure Flame            Conj/Fire      #.......     91%         3    ####...
 Mephitic Cloud           Conj/Pois/Air  #.......     91%         3    ####...


Dungeon Overview and Level Annotations

Branches:
Dungeon (9/15)             Temple (0/1) D:5            Lair (0/6) D:9
    Orc (0/2) D:9           Sewer (visited)

Altars:
Ashenzari
Cheibriados
Dithmenos
Fedhas
Gozag
Makhleb
Qazlal
Sif Muna
Trog
Vehumet
Wu Jian
Xom
Yredelemnul

Shops:
D:5 *

Annotations:
Abyss:1 Joseph


Innate Abilities, Weirdness & Mutations

You are resistant to torment.
Your stone body is resilient. (AC +7)
You are immune to poison.
You resist negative energy. (rN+)
You are resistant to electric shocks. (rElec)
You can survive without breathing.
You are immune to petrification.
You are immune to rotting.


Message History

The orc warrior seems to slow down.
Cheibriados rebukes the shadow imp.
The shadow imp seems to slow down.
The porcupine resists with some effort.
You feel slightly more hungry. The porcupine bites you.
* * * LOW HITPOINT WARNING * * *
The orc warrior closely misses you.
Okay, then.
Okay, then.
Unknown command.
Press: ? - help, v - describe, . - travel
Here: a black bear (severely wounded)
The floor.
You closely miss the black bear.
The black bear is severely wounded.
The black bear disappears!
The black bear reappears nearby!
The porcupine closely misses you. The shadow imp barely misses you.
You completely miss the orc warrior.
The porcupine bites you but does no damage.
The orc warrior hits you with a +0 dire flail.
You die...

##...........### .......
............ ..#
###..###+####...
....#8...#..8#.# ###
....#...#....#.# ##.. ## .
....#....#...#.###.# .. ..
....'.#.#.#.##.....##.##...
....##.#.#.#.)..§.....PP.P.
....#...#..†.#..@r.##......
....#[...#...#..o5()....PZP
....#8..#...8#..####.h..P..
.....####'###...# ......P
#..............## ..P.P..
##..#####.##.### ...%P..
#..#####†##.### .P.....
##............).. .....PP
.....####.####### ...P..>


You could see an orc warrior, a black bear, a porcupine and a shadow imp.

Vanquished Creatures
  Harold (D:7)
  Pikel (D:7)
  A troll (D:9)
  Menkaure (D:7)
  A porcupine (D:9)
  A slave (D:7)
  3 orc warriors
  2 sky beasts
  2 ice beasts (D:5)
  3 ogres
  2 centaurs
  6 bullfrogs
  A gnoll sergeant (D:3)
  4 scorpions
  5 killer bees (D:7)
  6 wights (D:6)
  A crimson imp (D:6)
  A quasit (D:6)
  A bullfrog zombie (D:5)
  2 hounds
  An orc priest (D:9)
  2 centaur skeletons
  10 orc wizards
  5 iguanas
  6 worker ants
  A hound skeleton (D:4)
  A worker ant zombie (D:6)
  10 gnolls
  8 adders
  A river rat (D:3)
  4 shadow imps
  An ooze (D:3)
  3 dart slugs
  7 leopard geckos
  22 orcs
  8 ball pythons
  8 bats
  5 giant cockroaches
  6 goblins
  7 hobgoblins
  6 jackals
  4 quokkas
  9 frilled lizards
  A jackal skeleton (D:5)
  11 kobolds
  A leopard gecko zombie (D:5)
  9 rats
202 creatures vanquished.

Vanquished Creatures (others)
  A hippogriff (D:7)
  A slave (D:7)
  A sky beast (D:7)
  A bullfrog (D:9)
  A killer bee (D:7)
  A wight (D:6)
  A hound (D:9)
  2 orc wizards (D:7)
  A worm (D:6)
  An orc (D:9)
  36 fungi (D:9)
  11 plants (D:9)
58 creatures vanquished.

Grand Total: 260 creatures vanquished

Notes
Turn   | Place    | Note
-------+----------+-------------------------------------------
     0 | D:1      | Delamore the Gargoyle Fighter began the quest for the Orb.
     0 | D:1      | Reached XP level 1. HP: 14/14 MP: 1/1
    58 | D:1      | Found a snail-covered altar of Cheibriados.
    80 | D:1      | Reached XP level 2. HP: 19/19 MP: 2/2
    93 | D:1      | Became a worshipper of Cheibriados the Contemplative
   191 | D:1      | Reached skill level 3 in Maces & Flails
   511 | D:1      | Reached XP level 3. HP: 23/23 MP: 3/3
   540 | D:1      | Reached * piety under Cheibriados
   624 | D:2      | Reached skill level 4 in Maces & Flails
   752 | D:2      | Reached XP level 4. HP: 26/28 MP: 4/4
  1306 | D:2      | Reached ** piety under Cheibriados
  1375 | D:3      | Noticed a gnoll sergeant
  1382 | D:3      | Reached skill level 5 in Maces & Flails
  1382 | D:3      | Reached XP level 5. HP: 30/32 MP: 5/5
  1408 | D:3      | Found a faded altar of an unknown god.
  1575 | D:3      | Found a glowing drain.
  1591 | Sewer    | Entered a sewer
  1655 | Sewer    | Reached *** piety under Cheibriados
  2165 | D:3      | Reached skill level 6 in Maces & Flails
  2165 | D:3      | Reached XP level 6. HP: 36/37 MP: 6/6
  2898 | D:4      | Reached skill level 7 in Maces & Flails
  2935 | D:4      | Reached XP level 7. HP: 30/41 MP: 7/7
  3183 | D:4      | Found an ornate altar of the Wu Jian Council.
  3263 | D:4      | Found a radiant altar of Vehumet.
  3450 | D:4      | Reached **** piety under Cheibriados
  3694 | D:4      | Found a basalt altar of Yredelemnul.
  3791 | D:4      | Found a shadowy altar of Dithmenos.
  3803 | D:4      | Reached skill level 8 in Maces & Flails
  4105 | D:5      | Entered Level 5 of the Dungeon
  4178 | D:5      | Reached skill level 1 in Invocations
  4199 | D:5      | Found a staircase to the Ecumenical Temple.
  4266 | D:5      | Reached XP level 8. HP: 45/46 MP: 6/9
  4280 | D:5      | Found Ysuvutuq's Assorted Antiques.
  4285 | D:5      | Bought a shimmering mace for 216 gold pieces
  4285 | D:5      | Identified the +10 mace of the Extremes {distort, rElec
                  | rPois Dex-4} (You bought it in a shop on level 5 of the
                  | Dungeon)
  4980 | D:5      | Found a shattered altar of Ashenzari.
  5076 | D:6      | Found an opulent altar of Gozag.
  5112 | D:6      | Reached skill level 9 in Maces & Flails
  5112 | D:6      | Reached skill level 5 in Armour
  5177 | D:6      | Found a shimmering blue altar of Sif Muna.
  5210 | D:6      | Found a bloodstained altar of Trog.
  5236 | D:6      | Found a stormy altar of Qazlal.
  5236 | D:6      | Found a radiant altar of Vehumet.
  5257 | D:6      | Reached XP level 9. HP: 50/51 MP: 11/11
  5358 | D:6      | Reached ***** piety under Cheibriados
  5508 | D:7      | Reached skill level 10 in Maces & Flails
  5836 | D:7      | Noticed Joseph
  5836 | D:7      | Noticed Menkaure
  5837 | D:7      | Killed Menkaure
  5844 | D:7      | Banished Joseph
  6121 | D:7      | Learned a level 2 spell: Blink
  6126 | D:7      | Found a burning altar of Makhleb.
  6144 | D:7      | Noticed Pikel
  6160 | D:7      | Killed Pikel
  6160 | D:7      | Reached skill level 11 in Maces & Flails
  6165 | D:7      | Found a shimmering altar of Xom.
  6273 | D:7      | Found an opulent altar of Gozag.
  6275 | D:7      | Found a blossoming altar of Fedhas.
  6327 | D:7      | Noticed Harold
  6332 | D:7      | Killed Harold
  6332 | D:7      | Reached skill level 12 in Maces & Flails
  6332 | D:7      | Reached XP level 10. HP: 21/56 MP: 12/12
  7220 | D:8      | Found a shimmering blue altar of Sif Muna.
  7335 | D:9      | Found a staircase to the Orcish Mines.
  7439 | D:9      | Reached skill level 5 in Shields
  7497 | D:9      | Identified the +1 ring mail of Xeileguev {rElec rF+ Int+4
                  | Stlth+}
  7523 | D:9      | Identified the cursed +0 ring mail "Vin Jaba" {rF+ Str+2}
  7527 | D:9      | Found a staircase to the Lair.
  7539 | D:9      | Reached ****** piety under Cheibriados
  7547 | D:9      | HP: 1/56 [porcupine (6)]
  7549 | D:9      | Slain by an orc warrior

Levels and vault maps discovered:
D:1:      dpeg_arrival_connections, layout_basic, cheibriados_altar_1
D:2:      layout_loops_ring
D:3:      layout_loops_ring, chequers_ecumenical_altar_simple_redux,
          first_ration, portal_sewer_entry_e
D:4:      layout_basic, nicolae_overflow_crystal_walls, grunt_dithmenos_shadows,
          yredelemnul_altar_generic, vehumet_altar_wand_db
D:5:      layout_gridville, lemuel_crystal_altar,
          minmay_temple_entry_junction_2, serial_shops, shop
D:6:      layout_rooms, old_standard_altar, overflow_temple_1_default,
          gammafunk_temple_overflow_elements, basic_altar
D:7:      minmay_flawed_box, layout_basic, xom_teletrap_fun,
          nicolae_overflow_hidden_temple, uniq_joseph, uniq_menkaure,
          uniq_pikel, uniq_harold
D:8:      kennysheep_orc_sif_temple, layout_rooms
D:9:      layout_loops_ring, due_lair_maze_entry_diamond, david_orc_2,
          hangedman_ranch [blue_anna_fruit_fields], minivault_1

Skill      XL: |  1  2  3  4  5  6  7  8  9 10 |
---------------+-------------------------------+-----
Maces & Flails | 3 4 5 6 7 8 9 12 | 12.7
Invocations    | 2 3 |  3.0
Armour         | 4 6 8 |  8.2
Shields        | 5 |  5.8
Fighting       | |  3.2

Action                   |  1- 3 |  4- 6 |  7- 9 | 10-12 || total
-------------------------+-------+-------+-------+-------++-------
Melee: Flail             |   100 |   273 |    77 |       ||   450
       Morningstar       |       |       |    16 |       ||    16
       Mace              |       |       |   147 |    94 ||   241
Throw: Dart              |       |     8 |       |     5 ||    13
Invok: Bend Time         |       |       |     2 |     1 ||     3
  Use: Scroll            |       |     1 |     3 |     1 ||     5
       Potion            |       |       |       |     2 ||     2
  Eat: Chunk             |       |     4 |     5 |     3 ||    12
Armor: Scale mail        |    79 |   138 |   115 |    53 ||   385
Dodge: Dodged            |    58 |    77 |    63 |    40 ||   238
Block: Shield            |    83 |   162 |   135 |    84 ||   464
